 Seeded DCSS version 0.28-a0-1567-g1695149f81 (webtiles) character file.

Game seed: 10110 (custom seed)

8 knot the Skirmisher (level 2, 15/24 HPs)
             Began as a Demonspawn Berserker on Jan 19, 2022.
             Was a Follower of Trog.
             Quit the game on level 1 of the Dungeon.
             The game lasted 00:00:10 (292 turns).

knot the Skirmisher (Demonspawn Berserker)           Turns: 292, Time: 00:00:11

Health: 15/24      AC:  2    Str: 17    XL:     2   Next: 0%
Magic:  2/2        EV: 12    Int:  8    God:    Trog [*.....]
Gold:   5          SH:  0    Dex: 12    Spells: 1/1 levels left

rFire   . . .      SeeInvis .   a - +0 hand axe
rCold   . . .      Faith    .   (no shield)
rNeg    . . .      Spirit   .   b - +0 animal skin
rPois   .          Reflect  .   (no helmet)
rElec   .          Harm     .   (no cloak)
rCorr   .          Rampage  .   (no gloves)
Will    .....                   (no boots)
Stlth   +.........              (no amulet)
HPRegen 0.08/turn               (no ring)
MPRegen 0.08/turn               (no ring)

@: no status effects
A: ignite blood 1
a: Renounce Religion, Berserk


You were on level 1 of the Dungeon.
You worshipped Trog.
Trog was aware of your devotion.
You visited 1 branch of the dungeon, and saw 1 of its levels.

You collected 5 gold pieces.

Inventory:

Hand Weapons
 a - a +0 hand axe (weapon)
Armour
 b - a +0 animal skin (worn)
Scrolls
 c - a scroll of magic mapping {unknown}
Potions
 d - a potion of mutation {unknown}


   Skills:
 + Level 3.1 Fighting
 + Level 2.8 Axes
 + Level 2.0 Armour
 + Level 2.0 Dodging


You had one spell level left.
You didn't know any spells.
Your spell library was empty.

Dungeon Overview and Level Annotations

Branches:
Dungeon (1/15)

Altars:


Innate Abilities, Weirdness & Mutations

Your demonic aura sometimes causes spilled blood to erupt in flames.


Message History

Found 17 arrows.
A hobgoblin and a goblin come into view.
The goblin shouts!
The bat hits you but does no damage.
There are monsters nearby!
You closely miss the bat. The bat barely misses you.
The endoplasm quivers.
You slash the hobgoblin!
You kill the hobgoblin!
Trog accepts your kill. The bat hits you. The bat closely misses you.
You miss the bat. The bat hits you.
You slash the hobgoblin!
You kill the hobgoblin!
Trog accepts your kill. The bat misses you.
The goblin hits you but does no damage.
Unknown command.
You hit the goblin. You punch the goblin.
You kill the goblin!
Trog accepts your kill. The bat hits you but does no damage.
You barely miss the bat. You hit the endoplasm but do no damage.
The bat barely misses you. The endoplasm freezes you.
You are frozen.
You closely miss the bat. You hit the endoplasm but do no damage.
The bat closely misses you. The endoplasm closely misses you.
You closely miss the bat. You hit the endoplasm.
The bat hits you but does no damage. The endoplasm closely misses you.
You slash the endoplasm!
You kill the endoplasm!
Trog accepts your kill.
You hit the bat. The bat closely misses you.
Your Armour skill increases to level 2!
Your Dodging skill increases to level 2!
You have reached level 2!
Your demonic ancestry asserts itself...
Your blood heats up.
Are you sure you want to abandon this character and quit the game? (Confirm with "yes".)

....# ..#### #........
.....## #........
..♣♣..## #.....(..
♣♣.♣♣..## #........
≈♣♣≈♣♣..########........
♣≈♣♣≈♣♣........+........
♣♣≈♣♣.♣######.##..b.....
≈♣♣≈♣≈♣ #..#@)....#
♣≈♣≈♣≈♣♣ ##.#......#
♣≈♣≈♣≈P♣ #.......[..
♣≈♣≈♣≈♣♣ ##.#####...
≈♣♣≈♣≈♣ #.# .. ♣♣≈♣♣≈♣
#.# . ≈≈♣♣≈♣♣ #.# ♣♣♣≈♣♣
#.# ≈≈≈♣♣ #+#


You could see a bat.

Vanquished Creatures
  2 endoplasms (D:1)
  A goblin (D:1)
  3 hobgoblins (D:1)
6 creatures vanquished.

Vanquished Creatures (others)
  7 toadstools (D:1)
7 creatures vanquished.

Grand Total: 13 creatures vanquished

Notes
Turn   | Place    | Note
-------+----------+-------------------------------------------
     0 | D:1      | knot the Demonspawn Berserker began the quest for the Orb.
     0 | D:1      | Reached XP level 1. HP: 18/18 MP: 1/1
   292 | D:1      | Gained mutation: Your demonic aura sometimes causes spilled
                  | blood to erupt in flames. [demonic ancestry]
   292 | D:1      | Reached XP level 2. HP: 15/24 MP: 2/2
   292 | D:1      | Quit the game

Illustrated notes

Levels and vault maps discovered:
D:1:      nagdon_arrival_double_spiral, layout_basic,
          chequers_ecumenical_altar_simple_redux

Skill      XL: |  1 |
---------------+----+-----
Armour         | 2 |  2.0
Dodging        | 2 |  2.0
Fighting       | |  3.1
Axes           | |  2.8

Action                   || total
-------------------------++-------
Melee: Hand axe          ||    14
       Punch             ||     1
Armor: Animal skin       ||     4
Dodge: Dodged            ||    10

Table legend: (Time is in decaauts)
 A = Elapsed time spent in this place.
 B = Non-inter-level travel time spent in this place.
 C = Inter-level travel time spent in this place.
 D = Time resting spent in this place.
 E = Time spent auto-exploring this place.
 F = Levels seen in this place.
 G = Mean time per level.
                   A        B        C        D        E       F      G
               +--------+--------+--------+--------+--------+-----+--------+
         Total |    328 |    328 |      0 |      0 |    296 |   1 |  328.0 |
       Dungeon |    328 |    328 |      0 |      0 |    296 |   1 |  328.0 |
               +--------+--------+--------+--------+--------+-----+--------+

Top non-repeatable levels by time:
     D:1: 328 daAuts
